TOP OF THE 1ST |
Philadelphia Phillies batting - Pitching for Los Angeles Dodgers : RHP Rick Rhoden
|
Pitching: RHP Rick Rhoden
|
|
Batting: LHB Lou Whitaker
|
0-0: Called Strike 0-1: Foul Ball, location: 2F 0-2: Strikes out swinging
|
Batting: RHB Andre Dawson
|
0-0: Ball 1-0: Ball 2-0: Called Strike 2-1: Foul Ball, location: 2F 2-2: Ball 3-2: Foul Ball, location: 2F 3-2: Ground out 5-3 (Groundball, 56, EV 102.5 MPH)
|
Batting: LHB Tony Gwynn
|
0-0: Called Strike 0-1: Ball 1-1: Ball 2-1: Ball 3-1: Called Strike 3-2: Fly out, F3 (Line Drive, 3, EV 63.1 MPH)
|
Top of the 1st over - 0 runs, 0 hits, 0 errors, 0 left on base; Philadelphia 0 - Los Angeles 0 |
BOTTOM OF THE 1ST |
Los Angeles Dodgers batting - Pitching for Philadelphia Phillies : RHP Bill Singer
|
Pitching: RHP Bill Singer
|
|
Batting: RHB Billy Sample
|
0-0: Called Strike 0-1: Fly out, F8 (Flyball, 8LS, EV 93.8 MPH)
|
Batting: RHB Carney Lansford
|
0-0: Ground out 5-3 (Groundball, 5, EV 80.6 MPH)
|
Batting: RHB Jerry Keller
|
0-0: Fly out, F7 (Flyball, 7LM, EV 88.8 MPH)
|
Bottom of the 1st over - 0 runs, 0 hits, 0 errors, 0 left on base; Philadelphia 0 - Los Angeles 0 |
TOP OF THE 2ND |
Philadelphia Phillies batting - Pitching for Los Angeles Dodgers : RHP Rick Rhoden
|
Batting: RHB Candy Maldonado
|
0-0: Foul Ball, location: 2F 0-1: Foul Ball, location: 2F 0-2: Strikes out swinging
|
Batting: LHB Ken Phelps
|
0-0: Fly out, F6 (Popup, 56D, EV 50.0 MPH)
|
Batting: RHB Jody Davis
|
0-0: Ball 1-0: Swinging Strike 1-1: Ball 2-1: Ball 3-1: Called Strike 3-2: Strikes out swinging
|
Top of the 2nd over - 0 runs, 0 hits, 0 errors, 0 left on base; Philadelphia 0 - Los Angeles 0 |
BOTTOM OF THE 2ND |
Los Angeles Dodgers batting - Pitching for Philadelphia Phillies : RHP Bill Singer
|
Batting: RHB Dick Davis
|
0-0: Called Strike 0-1: Ground out 5-3 (Groundball, 56, EV 80.6 MPH)
|
Batting: RHB Barry Evans
|
0-0: Ball 1-0: Ball 2-0: Ball 3-0: Called Strike 3-1: Called Strike 3-2: Fly out, F8 (Flyball, 89D, EV 101.9 MPH)
|
Batting: LHB Darren Daulton
|
0-0: Ball 1-0: Foul Ball, location: 2F 1-1: Foul Ball, location: 2F 1-2: Foul Ball, location: 2F 1-2: Fly out, F8 (Line Drive, 8LD, EV 88.1 MPH)
|
Bottom of the 2nd over - 0 runs, 0 hits, 0 errors, 0 left on base; Philadelphia 0 - Los Angeles 0 |
TOP OF THE 3RD |
Philadelphia Phillies batting - Pitching for Los Angeles Dodgers : RHP Rick Rhoden
|
Batting: RHB Dan Thomas
|
0-0: Foul Ball, location: 2F 0-1: Called Strike 0-2: Strikes out swinging
|
Batting: RHB Ivan de Jesus
|
0-0: Ball 1-0: Foul Ball, location: 2F 1-1: Foul Ball, location: 2F 1-2: Hit by Pitch
|
Batting: RHB Bill Singer
|
0-0: Ball 1-0: Bunted foul 1-1: Sac Bunt to 23 - play at first, batter OUT! 3-4 Ivan de Jesus to second
|
Batting: LHB Lou Whitaker
|
0-0: Ball 1-0: Fly out, F8 (Flyball, 8LXD, EV 100.6 MPH)
|
Top of the 3rd over - 0 runs, 0 hits, 0 errors, 1 left on base; Philadelphia 0 - Los Angeles 0 |
BOTTOM OF THE 3RD |
Los Angeles Dodgers batting - Pitching for Philadelphia Phillies : RHP Bill Singer
|
Batting: LHB Ronald Jackson
|
0-0: Called Strike 0-1: Swinging Strike 0-2: Foul Ball, location: 2F 0-2: Ball 1-2: Fly out, F7 (Flyball, 7, EV 86.9 MPH)
|
Batting: SHB Spike Owen
|
0-0: Ball 1-0: Ball 2-0: Fly out, F7 (Flyball, 78XD, EV 84.4 MPH)
|
Batting: RHB Rick Rhoden
|
0-0: Foul Ball, location: 2F 0-1: Ball 1-1: Ground out U3 (Groundball, 34, EV 103.1 MPH)
|
Bottom of the 3rd over - 0 runs, 0 hits, 0 errors, 0 left on base; Philadelphia 0 - Los Angeles 0 |
TOP OF THE 4TH |
Philadelphia Phillies batting - Pitching for Los Angeles Dodgers : RHP Rick Rhoden
|
Batting: RHB Andre Dawson
|
0-0: Ball 1-0: Called Strike 1-1: Swinging Strike 1-2: Ball 2-2: Foul Ball, location: 2F 2-2: Ball 3-2: SINGLE (Groundball, 4MD, EV 103.1 MPH) (infield hit)
|
Batting: LHB Tony Gwynn
|
0-0: Ball 1-0: Foul Ball, location: 2F 1-1: SINGLE (Line Drive, 56, EV 93.8 MPH) Andre Dawson to second
|
Batting: RHB Candy Maldonado
|
0-0: Called Strike 0-1: Ball 1-1: Ball 2-1: SINGLE (Line Drive, 34D, EV 100.0 MPH) Andre Dawson to third Tony Gwynn to second Runner from 3rd tries for Home, SAFE, throw by RF to home
|
Batting: LHB Ken Phelps
|
0-0: Swinging Strike 0-1: Fly out, F8 (Flyball, 8LM, EV 73.8 MPH)
|
Batting: RHB Jody Davis
|
0-0: Ball 1-0: Called Strike 1-1: Foul Ball, location: 2F 1-2: Strikes out swinging
|
Batting: RHB Dan Thomas
|
0-0: Called Strike 0-1: Swinging Strike 0-2: Ball 1-2: Ball 2-2: Hit by Pitch Tony Gwynn to third Candy Maldonado to second
|
Batting: RHB Ivan de Jesus
|
0-0: Fielders Choice at 2nd, 5-4 (Groundball, 56, EV 86.9 MPH)
|
Top of the 4th over - 1 run, 3 hits, 0 errors, 3 left on base; Philadelphia 1 - Los Angeles 0 |
BOTTOM OF THE 4TH |
Los Angeles Dodgers batting - Pitching for Philadelphia Phillies : RHP Bill Singer
|
Batting: RHB Billy Sample
|
0-0: Swinging Strike 0-1: Ball 1-1: Ball 2-1: Foul Ball, location: 2F 2-2: Ground out 3-1 (Groundball, 34S, EV 78.8 MPH)
|
Batting: RHB Carney Lansford
|
0-0: Ball 1-0: Called Strike 1-1: Called Strike 1-2: Ball 2-2: Ball 3-2: Base on Balls
|
Batting: RHB Jerry Keller
|
0-0: Ball 1-0: Ball 2-0: Foul Ball, location: 2F 2-1: Foul Ball, location: 2F 2-2: Foul Ball, location: 2F 2-2: Fly out, F8 (Flyball, 8RS, EV 92.5 MPH)
|
Batting: RHB Dick Davis
|
0-0: Ball 1-0: Called Strike 1-1: Ball 2-1: Fly out, F6 (Popup, 6MD, EV 52.5 MPH)
|
Bottom of the 4th over - 0 runs, 0 hits, 0 errors, 1 left on base; Philadelphia 1 - Los Angeles 0 |
TOP OF THE 5TH |
Philadelphia Phillies batting - Pitching for Los Angeles Dodgers : RHP Rick Rhoden
|
Batting: RHB Bill Singer
|
0-0: Ground out 4-3 (Groundball, 4S, EV 65.6 MPH)
|
Batting: LHB Lou Whitaker
|
0-0: Swinging Strike 0-1: Foul Ball, location: 2F 0-2: Ground out 6-3 (Groundball, P, EV 82.5 MPH)
|
Batting: RHB Andre Dawson
|
0-0: Ground out 4-3 (Groundball, 4, EV 107.5 MPH)
|
Top of the 5th over - 0 runs, 0 hits, 0 errors, 0 left on base; Philadelphia 1 - Los Angeles 0 |
BOTTOM OF THE 5TH |
Los Angeles Dodgers batting - Pitching for Philadelphia Phillies : RHP Bill Singer
|
Batting: RHB Barry Evans
|
0-0: Called Strike 0-1: Ball 1-1: Ball 2-1: SINGLE (Line Drive, 78M, EV 96.3 MPH)
|
Batting: LHB Darren Daulton
|
0-0: Sac Bunt to 15S - play at first, batter OUT! 1-3 Barry Evans to second
|
Batting: LHB Ronald Jackson
|
0-0: Foul Ball, location: 2F 0-1: Foul Ball, location: 2F 0-2: Ball 1-2: Foul Ball, location: 2F 1-2: Ball 2-2: Ball 3-2: SINGLE (Groundball, 4MD, EV 104.4 MPH) Barry Evans to third Runner from 3rd tries for Home, SAFE, throw by CF to home
|
Batting: SHB Spike Owen
|
0-0: Ball 1-0: Fly out, F6 (Flyball, 56D, EV 86.3 MPH)
|
Batting: RHB Rick Rhoden
|
0-0: Ball 1-0: Fielders Choice at 2nd, 6-4 (Groundball, 6, EV 106.9 MPH)
|
Bottom of the 5th over - 1 run, 2 hits, 0 errors, 1 left on base; Philadelphia 1 - Los Angeles 1 |
TOP OF THE 6TH |
Philadelphia Phillies batting - Pitching for Los Angeles Dodgers : RHP Rick Rhoden
|
Batting: LHB Tony Gwynn
|
0-0: Ball 1-0: Fly out, F5 (Popup, 25F, EV 81.3 MPH)
|
Batting: RHB Candy Maldonado
|
0-0: Called Strike 0-1: Ball 1-1: Ground out 6-3 (Groundball, 6, EV 81.3 MPH)
|
Batting: LHB Ken Phelps
|
0-0: Ball 1-0: Ball 2-0: Ball 3-0: Called Strike 3-1: Foul Ball, location: 2F 3-2: Foul Ball, location: 2F 3-2: Foul Ball, location: 2F 3-2: Ground out 6-3 (Groundball, 56, EV 100.6 MPH)
|
Top of the 6th over - 0 runs, 0 hits, 0 errors, 0 left on base; Philadelphia 1 - Los Angeles 1 |
BOTTOM OF THE 6TH |
Los Angeles Dodgers batting - Pitching for Philadelphia Phillies : RHP Bill Singer
|
Batting: RHB Billy Sample
|
0-0: Ball 1-0: Foul Ball, location: 2F 1-1: Foul Ball, location: 2F 1-2: Foul Ball, location: 2F 1-2: Ball 2-2: Ground out 4-3 (Groundball, 13, EV 84.4 MPH)
|
Batting: RHB Carney Lansford
|
0-0: Ball 1-0: Foul Ball, location: 2F 1-1: Ball 2-1: Fly out, F8 (Flyball, 89M, EV 78.1 MPH)
|
Batting: RHB Jerry Keller
|
0-0: Ground out 6-3 (Groundball, 6, EV 93.8 MPH)
|
Bottom of the 6th over - 0 runs, 0 hits, 0 errors, 0 left on base; Philadelphia 1 - Los Angeles 1 |
TOP OF THE 7TH |
Philadelphia Phillies batting - Pitching for Los Angeles Dodgers : RHP Rick Rhoden
|
Batting: RHB Jody Davis
|
0-0: Ball 1-0: Fly out, F8 (Flyball, 8LS, EV 88.8 MPH)
|
Batting: RHB Dan Thomas
|
0-0: Ball 1-0: Ball 2-0: Called Strike 2-1: Ball 3-1: Base on Balls
|
Batting: RHB Ivan de Jesus
|
0-0: Ball 1-0: Foul Ball, location: 2F 1-1: Fly out, F7 (Flyball, 78D, EV 101.9 MPH)
|
Pinch Hitting: LHB Terry Bogener
|
0-0: Called Strike 0-1: Foul Ball, location: 2F 0-2: Ball 1-2: Ball 2-2: Ground out 4-3 (Groundball, 4, EV 85.0 MPH)
|
Top of the 7th over - 0 runs, 0 hits, 0 errors, 1 left on base; Philadelphia 1 - Los Angeles 1 |
BOTTOM OF THE 7TH |
Los Angeles Dodgers batting - Pitching for Philadelphia Phillies : RHP Bill Singer
|
Pitching: RHP Tom Hume
|
|
Batting: RHB Dick Davis
|
0-0: Ball 1-0: Ball 2-0: Ball 3-0: Base on Balls
|
Batting: RHB Barry Evans
|
0-0: Fielders Choice at 2nd, 6-4 (Groundball, 6, EV 104.4 MPH)
|
Batting: LHB Darren Daulton
|
0-0: Ball 1-0: Called Strike 1-1: Called Strike 1-2: Strikes out swinging
|
Batting: LHB Ronald Jackson
|
0-0: Ball 1-0: SINGLE (Groundball, 4D, EV 96.9 MPH) Barry Evans to second Runner from 2nd tries for 3rd, SAFE, no throw by CF
|
Batting: SHB Spike Owen
|
0-0: Swinging Strike 0-1: Foul Ball, location: 2F 0-2: Foul Ball, location: 2F 0-2: Foul Ball, location: 2F 0-2: SINGLE (Groundball, 34D, EV 86.9 MPH) (infield hit) Barry Evans scores Ronald Jackson to second
|
Pinch Hitting: RHB Mike Shelton
|
0-0: Ball 1-0: Ground out U3 (Groundball, 34, EV 87.5 MPH)
|
Bottom of the 7th over - 1 run, 2 hits, 0 errors, 2 left on base; Philadelphia 1 - Los Angeles 2 |
TOP OF THE 8TH |
Philadelphia Phillies batting - Pitching for Los Angeles Dodgers : RHP Rick Rhoden
|
Pitching: RHP Steve Foucault
|
|
Batting: LHB Lou Whitaker
|
0-0: Ball 1-0: Called Strike 1-1: Ball 2-1: Ball 3-1: Swinging Strike 3-2: Ground out 6-3 (Groundball, 6, EV 88.1 MPH)
|
Batting: RHB Andre Dawson
|
0-0: Swinging Strike 0-1: Ball 1-1: Foul Ball, location: 2F 1-2: Ball 2-2: Foul Ball, location: 2F 2-2: Foul Ball, location: 2F 2-2: Ball 3-2: Foul Ball, location: 2F 3-2: Strikes out swinging
|
Batting: LHB Tony Gwynn
|
0-0: Ball 1-0: Called Strike 1-1: Ball 2-1: Foul Ball, location: 2F 2-2: Foul Ball, location: 2F 2-2: Ground out 4-3 (Groundball, 4, EV 83.1 MPH)
|
Top of the 8th over - 0 runs, 0 hits, 0 errors, 0 left on base; Philadelphia 1 - Los Angeles 2 |
BOTTOM OF THE 8TH |
Los Angeles Dodgers batting - Pitching for Philadelphia Phillies : RHP Tom Hume
|
Batting: RHB Billy Sample
|
0-0: Ball 1-0: Called Strike 1-1: Ball 2-1: Ball 3-1: Base on Balls
|
Batting: RHB Carney Lansford
|
0-0: Fly out, F9 (Line Drive, 9, EV 90.6 MPH)
|
Batting: RHB Jerry Keller
|
0-0: Ball 1-0: Ball Wild Pitch! Billy Sample to second 2-0: Foul Ball, location: 2F 2-1: Ball 3-1: Swinging Strike 3-2: Foul Ball, location: 2F 3-2: Foul Ball, location: 2F 3-2: Foul Ball, location: 2F 3-2: Base on Balls
|
Batting: RHB Dick Davis
|
0-0: Ball 1-0: Swinging Strike 1-1: Foul Ball, location: 2F 1-2: Ball 2-2: Strikes out swinging
|
Batting: RHB Barry Evans
|
0-0: Ball 1-0: Ball 2-0: TRIPLE (Line Drive, 9LD, EV 96.9 MPH) Billy Sample scores Jerry Keller scores
|
Batting: LHB Darren Daulton
|
0-0: Foul Ball, location: 2F 0-1: Foul Ball, location: 2F 0-2: Ball 1-2: Foul Ball, location: 2F 1-2: Ball 2-2: Ball 3-2: Fly out, F2 (Popup, 2RF, EV 88.8 MPH)
|
Bottom of the 8th over - 2 runs, 1 hit, 0 errors, 1 left on base; Philadelphia 1 - Los Angeles 4 |
TOP OF THE 9TH |
Philadelphia Phillies batting - Pitching for Los Angeles Dodgers : RHP Steve Foucault
|
Now at 1B: Chris W Smith
|
|
Now at 2B: Damaso Garcia
|
|
Batting: RHB Candy Maldonado
|
0-0: Called Strike 0-1: Ball 1-1: Called Strike 1-2: Strikes out swinging
|
Batting: LHB Ken Phelps
|
0-0: Ball 1-0: Ball 2-0: Called Strike 2-1: Called Strike 2-2: Foul Ball, location: 2F 2-2: Fly out, F9 (Flyball, 9LM, EV 100.6 MPH)
|
Batting: RHB Jody Davis
|
0-0: Called Strike 0-1: Called Strike 0-2: Foul Ball, location: 2F 0-2: Ball 1-2: Strikes out swinging
|
Top of the 9th over - 0 runs, 0 hits, 0 errors, 0 left on base; Philadelphia 1 - Los Angeles 4 |
|